 Dungeon Crawl Stone Soup version 0.22.1-1-ga44c0e5 (webtiles) character file.

353 Fang the Chopper (level 6, -2/39 HPs)
             Began as a Gargoyle Berserker on Oct 2, 2018.
             Was a Priest of Trog.
             Slain by a worm (6 damage)
             ... on level 3 of the Dungeon.
             The game lasted 00:02:35 (2710 turns).

Fang the Chopper (Gargoyle Berserker)               Turns: 2710, Time: 00:02:36

Health: -2/39      AC:  6    Str: 23    XL:     6   Next: 62%
Magic:  6/6        EV: 12    Int:  7    God:    Trog [***...]
Gold:   76         SH:  0    Dex:  9    Spells: 5/5 levels left

rFire    . . .     SeeInvis .   a - +0 hand axe
rCold    . . .     Gourm    .   (no shield)
rNeg     + + .     Faith    +   b - +0 animal skin
rPois    ∞         Spirit   .   (no helmet)
rElec    +         Reflect  .   (no cloak)
rCorr    +         Harm     .   (no gloves)
MR       .....                  (no boots)
Stlth    ++........             n - amulet of faith
HPRegen  0.13/turn              g - ring of resist corrosion
MPRegen  0.10/turn              k - ring of positive energy

@: berserk cooldown, slowed, very slow
A: negative energy resistance 1, electricity resistance, unbreathing,
petrification resistance, rot immunity, AC +4
a: Berserk, Trog's Hand, Renounce Religion


You were on level 3 of the Dungeon.
You worshipped Trog.
Trog was most pleased with you.
You were very hungry.

You visited 1 branch of the dungeon, and saw 3 of its levels.

You collected 76 gold pieces.

Inventory:

Hand Weapons
 a - a +0 hand axe (weapon)
Armour
 b - a +0 animal skin (worn)
Jewellery
 g - a ring of resist corrosion (left hand)
 k - a ring of positive energy (right hand)
 n - an amulet of faith (around neck)
Scrolls
 d - a scroll of magic mapping {unknown}
 e - a scroll of immolation {unknown}
 f - 2 scrolls of identify {unknown}
 h - 3 scrolls of teleportation {unknown}
 i - 3 scrolls of random uselessness {unknown}
 l - a scroll of enchant armour {unknown}
 o - 2 scrolls of remove curse {unknown}
Potions
 j - a potion of heal wounds {unknown}
 m - a potion of magic {unknown}
 p - a potion of flight {unknown}
 q - a potion of curing {unknown}
 r - a potion of haste {unknown}
Comestibles
 c - 7 rations


   Skills:
 + Level 4.5 Fighting
 + Level 4.8 Axes
 + Level 2.3 Armour
 + Level 3.0 Dodging
 + Level 2.1 Stealth


You had 5 spell levels left.
You didn't know any spells.
Your spell library was empty.

Dungeon Overview and Level Annotations

Branches:
Dungeon (3/15)

Altars:


Innate Abilities, Weirdness & Mutations

You are resistant to torment.
Your stone body is resilient. (AC +4)
You are immune to poison.
You resist negative energy. (rN+)
You are resistant to electric shocks. (rElec)
You can survive without breathing.
You are immune to petrification.
You are immune to rotting.


Message History

Unknown command.
You hit the orc.
You kill the orc!
Trog accepts your kill.
You hit the orc wizard.
You feel less confused.
The orc wizard hits you but does no damage.
The orc wizard hits you with a dagger.
You slash the worm!
The worm is heavily wounded.
You hit the orc wizard. The orc wizard hits you with a dagger.
* * * LOW HITPOINT WARNING * * *
The worm bites you.
* * * LOW HITPOINT WARNING * * *
Unknown command.
You hit the worm.
The worm is heavily wounded.
You barely miss the orc wizard. The orc wizard closely misses you.
The worm bites you.
You die...

###.# #.# ..####
#..###.###.... ..
#..#..##[.#######.#
#######......†....)..?..
............##.†........
#......##.#..#..$..<....
#......##.##..))........
.......##.####†ow.......
.......##.# #..@[......
#......##.# #..........
#......##.# #...........
#......# ...###......?
######## ..... .......
####. ....... ## .......
#......


You could see a worm and an orc wizard.

Vanquished Creatures
  An ogre (D:2)
  A bullfrog (D:2)
  10 adders
  3 oozes
  A worm (D:2)
  2 dart slugs
  5 leopard geckos
  3 orcs (D:3)
  A ball python (D:2)
  5 bats
  2 giant cockroaches
  8 goblins
  5 hobgoblins
  10 kobolds
  3 quokkas (D:2)
  4 frilled lizards
  A leopard gecko zombie (D:2)
  5 rats
70 creatures vanquished.

Vanquished Creatures (others)
  An orc wizard (D:3)
1 creature vanquished.

Grand Total: 71 creatures vanquished

Notes
Turn   | Place    | Note
-------+----------+-------------------------------------------
     0 | D:1      | Fang the Gargoyle Berserker began the quest for the Orb.
     0 | D:1      | Reached XP level 1. HP: 14/14 MP: 1/1
    50 | D:1      | Reached XP level 2. HP: 11/19 MP: 2/2
   645 | D:1      | Reached XP level 3. HP: 24/24 MP: 3/3
  1347 | D:2      | Reached XP level 4. HP: 29/29 MP: 4/4
  1409 | D:2      | Reached ** piety under Trog
  1522 | D:2      | Noticed an ogre
  1530 | D:2      | Killed an ogre
  1530 | D:2      | Reached skill level 1 in Stealth
  1530 | D:2      | Reached XP level 5. HP: 33/33 MP: 5/5
  1790 | D:2      | Reached XP level 6. HP: 22/39 MP: 6/6
  2686 | D:3      | Reached *** piety under Trog
  2710 | D:3      | Slain by a worm

Skill      XL: |  1  2  3  4  5  6 |
---------------+-------------------+-----
Axes           | 3 4 |  4.8
Fighting       | 4 |  4.5
Dodging        | 2 3 |  3.0
Stealth        | 1 2 |  2.1
Armour         | |  2.3

Action                   |  1- 3 |  4- 6 || total
-------------------------+-------+-------++-------
Melee: Hand axe          |   115 |   142 ||   257
Invok: Berserk           |     1 |     2 ||     3
 Stab: Sleeping          |     1 |     2 ||     3
       Distracted        |     1 |       ||     1
  Eat: Chunk             |     2 |     6 ||     8
Armor: Animal skin       |    38 |    58 ||    96
Dodge: Dodged            |    59 |    99 ||   158
